[Event "RUS-ch Girls U21 2021"]
[Site "Loo"]
[Date "2021.04.21"]
[Round "1.1"]
[White "Shvedova, Alexandra"]
[Black "Shafigullina, Zarina"]
[Result "0-1"]
[ECO "B90"]
[WhiteElo "2000"]
[BlackElo "2293"]
[Annotator "ChessBase"]
[PlyCount "94"]
[EventDate "2021.04.21"]
[EventType "swiss"]
[EventCountry "RUS"]
[SourceTitle "playchess.com"]
[Source "ChessBase"]
[SourceQuality "1"]
[TimeControl "40/5400+30:1800+30"]

1. e4 c5 2. Nf3 d6 3. d4 cxd4 4. Nxd4 Nf6 5. Nc3 a6 6. Rg1 e5 7. Nb3 b5 8. Bg5 Nbd7 9. g4 h6 10. Be3 Bb7 11. Bg2 Rc8 12. Nd5 Nxd5 13. exd5 Nf6 14. h3 Be7 15. Qd2 Qc7 16. c3 Bd8 17. Qd3 Qc4 18. Qxc4 bxc4 19. Nd2 Bxd5 20. Bxd5 Nxd5 21. Ne4 Kd7 22. O-O-O Ke6 23. Rd2 Be7 24. Nxd6 Rc6 25. Nf5 Bf6 26. Rgd1 Rd8 27. Kc2 Nxe3+ 28. Nxe3 Rxd2+ 29. Rxd2 Bg5 30. b3 Bxe3 31. fxe3 f5 32. gxf5+ Kxf5 33. Rg2 g5 34. Rg4 e4 35. Rg2 h5 36. Rf2+ Ke5 37. Rg2 Rg6 38. bxc4 g4 39. hxg4 hxg4 40. Kd2 g3 41. Ke1 Kf5 42. Kf1 Kg4 43. Rd2 Kf3 44. c5 Rg5 45. c6 Rb5 46. Rd1 g2+ 47. Kg1 Rh5 0-1

[Event "RUS-ch Girls U21 2021"]
[Site "Loo"]
[Date "2021.04.21"]
[Round "1.2"]
[White "Nasyrova, Ekaterina"]
[Black "Serditykh, Olesya"]
[Result "1-0"]
[ECO "A05"]
[WhiteElo "2273"]
[BlackElo "1961"]
[Annotator "ChessBase"]
[PlyCount "137"]
[EventDate "2021.04.21"]
[EventType "swiss"]
[EventCountry "RUS"]
[SourceTitle "playchess.com"]
[Source "ChessBase"]
[SourceQuality "1"]
[TimeControl "40/5400+30:1800+30"]

1. Nf3 Nf6 2. c4 e6 3. Nc3 d5 4. e3 b6 5. cxd5 exd5 6. Bb5+ c6 7. Bd3 Bd6 8. O-O O-O 9. b3 Bb7 10. Bb2 Nbd7 11. Bf5 Re8 12. Rc1 c5 13. d4 a6 14. Na4 c4 15. bxc4 dxc4 16. Nc3 b5 17. a3 Nb6 18. Re1 Qe7 19. e4 Bf4 20. e5 Nfd5 21. Rc2 Nxc3 22. Bxc3 Nd5 23. Bb2 g6 24. Bh3 Rad8 25. Qe2 Bh6 26. g3 a5 27. Nd2 c3 28. Bxc3 Nxc3 29. Rxc3 Rxd4 30. f4 b4 31. axb4 axb4 32. Rc2 Qd8 33. Bg2 Bxg2 34. Qxg2 Bg7 35. Nb3 Rd3 36. Nc5 Qb6 37. Qf2 Rc3 38. Ne4 Qxf2+ 39. Rxf2 Rc6 40. Rb1 Rb8 41. Rb3 Bf8 42. Rd2 Rbc8 43. Kf2 Rc2 44. Ke3 Rxd2 45. Kxd2 Ra8 46. Kd3 Ra2 47. h4 h5 48. Kc4 Ra6 49. Rd3 Rb6 50. Kb3 Ra6 51. Kc4 Rb6 52. Rb3 Be7 53. Kd5 Kf8 54. Nd6 f6 55. Kc5 Rb8 56. Kc6 g5 57. hxg5 fxe5 58. fxe5 Bxg5 59. Kc7 Ra8 60. Rxb4 Ke7 61. Ne4 Be3 62. Nf6 Bf2 63. Nxh5 Rh8 64. g4 Ke6 65. Nf4+ Kf7 66. Kd7 Be1 67. Re4 Bh4 68. e6+ Kg7 69. e7 1-0

[Event "RUS-ch Girls U21 2021"]
[Site "Loo"]
[Date "2021.04.21"]
[Round "1.3"]
[White "Filippova, Darya"]
[Black "Afonasieva, Anna"]
[Result "0-1"]
[ECO "B15"]
[WhiteElo "1915"]
[BlackElo "2270"]
[Annotator "NA"]
[PlyCount "78"]
[EventDate "2021.04.21"]
[EventType "swiss"]
[EventCountry "RUS"]
[SourceTitle "playchess.com"]
[Source "ChessBase"]
[SourceQuality "1"]
[TimeControl "40/5400+30:1800+30"]

1. e4 c6 2. d4 d5 3. Nd2 dxe4 4. Nxe4 Nf6 5. Nxf6+ exf6 6. c3 Bd6 7. Bd3 O-O 8. Ne2 Re8 9. Qc2 h5 10. Be3 Be6 11. Kf1 Nd7 12. Ng3 h4 13. Nf5 Bxf5 14. Bxf5 Nf8 15. g3 g6 16. gxh4 Qa5 17. Rg1 Kh8 18. Bg4 f5 19. Bf3 f4 20. Bd2 Ne6 21. h5 gxh5 22. d5 Ng7 23. Kg2 Qd8 24. dxc6 bxc6 25. Kh1 Qh4 26. Rg2 Qh3 27. Qd3 Rad8 28. Rag1 Bf8 29. Qc4 Qxf3 30. Qxf4 Qxf4 31. Bxf4 Kh7 32. Be3 Ne6 33. Rg3 Bh6 34. Rf3 Re7 35. Bxh6 Kxh6 36. c4 Rd4 37. Rf6+ Kh7 38. Rf5 Ng7 39. Rc5 Rd2 0-1

[Event "RUS-ch Girls U21 2021"]
[Site "Loo"]
[Date "2021.04.21"]
[Round "1.4"]
[White "Goltseva, Ekaterina"]
[Black "Pankova, Julia"]
[Result "1-0"]
[ECO "E06"]
[WhiteElo "2269"]
[BlackElo "1884"]
[Annotator "ChessBase"]
[PlyCount "149"]
[EventDate "2021.04.21"]
[EventType "swiss"]
[EventCountry "RUS"]
[SourceTitle "playchess.com"]
[Source "ChessBase"]
[SourceQuality "1"]
[TimeControl "40/5400+30:1800+30"]

1. d4 Nf6 2. c4 e6 3. g3 d5 4. Nf3 Be7 5. Bg2 O-O 6. Qc2 Nc6 7. O-O dxc4 8. Qxc4 Qd5 9. b3 Rd8 10. Bb2 Qh5 11. Nbd2 Bd7 12. e4 Rac8 13. a3 Nb8 14. Ne5 c5 15. d5 b5 16. Qc3 exd5 17. Nxd7 Nbxd7 18. exd5 Bd6 19. Rfe1 Re8 20. Ne4 Be5 21. Nxf6+ Bxf6 22. Qc2 Ne5 23. Bxe5 Bxe5 24. Rad1 Bd6 25. Qd3 c4 26. bxc4 Rxe1+ 27. Rxe1 bxc4 28. Qc3 Qg6 29. Bh3 Rf8 30. Qxc4 Bxa3 31. Qc7 Qb6 32. Qc6 Bc5 33. Re2 h6 34. Kg2 Bd6 35. Bf5 g6 36. Bd7 Kh7 37. Ra2 Rd8 38. Ra6 Qxc6 39. dxc6 Ra8 40. Kf3 Kg7 41. Ke4 Kf8 42. f4 Ke7 43. f5 Bc7 44. Kd5 Kf6 45. fxg6 fxg6 46. Kc4 Ke5 47. g4 Ke4 48. h4 Ke5 49. Ra1 a5 50. Be8 Kf4 51. Bxg6 Kxg4 52. h5 Rb8 53. Kd5 Rd8+ 54. Ke4 Kg5 55. Rf1 Rd6 56. Rg1+ Kf6 57. Bf5 Kf7 58. Bd7 Rf6 59. Kd5 Rd6+ 60. Kc5 Rf6 61. Rb1 Ke7 62. Re1+ Kf7 63. Be8+ Kf8 64. Bg6 Bd6+ 65. Kd5 a4 66. Re8+ Kg7 67. c7 Bxc7 68. Re7+ Kg8 69. Rxc7 Ra6 70. Ke5 a3 71. Bf7+ Kf8 72. Ba2 Ra5+ 73. Kf6 Ra6+ 74. Be6 Ra8 75. Rh7 1-0

[Event "RUS-ch Girls U21 2021"]
[Site "Loo"]
[Date "2021.04.21"]
[Round "1.5"]
[White "Koroleva, Evgeniya"]
[Black "Grigorieva, Yulia"]
[Result "1/2-1/2"]
[ECO "E46"]
[WhiteElo "1884"]
[BlackElo "2236"]
[Annotator "ChessBase"]
[PlyCount "87"]
[EventDate "2021.04.21"]
[EventType "swiss"]
[EventCountry "RUS"]
[SourceTitle "playchess.com"]
[Source "ChessBase"]
[SourceQuality "1"]
[TimeControl "40/5400+30:1800+30"]

1. d4 Nf6 2. c4 e6 3. Nc3 Bb4 4. e3 O-O 5. Nge2 c6 6. a3 Ba5 7. c5 d5 8. cxd6 Qxd6 9. b4 Bc7 10. Bb2 Nbd7 11. Ng3 Nd5 12. Bd3 N7f6 13. Rc1 Rd8 14. Qe2 Bd7 15. Nce4 Qe7 16. Nc5 Rab8 17. O-O e5 18. dxe5 Bxe5 19. Bxe5 Qxe5 20. Qc2 Bg4 21. Bf5 g6 22. Bxg4 Nxg4 23. Rfe1 h5 24. Nf1 Qe7 25. h3 Ne5 26. Rcd1 Nb6 27. Nd2 Rd5 28. Nde4 Rbd8 29. Rxd5 cxd5 30. Nd2 Nbc4 31. Qa2 b6 32. Ncb3 Nd3 33. Rf1 Rc8 34. Nf3 Nde5 35. Nxe5 Qxe5 36. Rd1 a5 37. b5 a4 38. Nd4 Qd6 39. Ra1 Qc5 40. Kh2 Qd6+ 41. Kg1 Qc5 42. Rc1 Qe7 43. Nc6 Qe4 44. Qc2 1/2-1/2

[Event "RUS-ch Girls U21 2021"]
[Site "Loo"]
[Date "2021.04.21"]
[Round "1.6"]
[White "Sakorenko, Adriana"]
[Black "Gelman, Inna"]
[Result "1-0"]
[ECO "A05"]
[WhiteElo "2216"]
[BlackElo "1801"]
[Annotator "NA"]
[PlyCount "65"]
[EventDate "2021.04.21"]
[EventType "swiss"]
[EventCountry "RUS"]
[SourceTitle "playchess.com"]
[Source "ChessBase"]
[SourceQuality "1"]
[TimeControl "40/5400+30:1800+30"]

1. Nf3 Nf6 2. b3 c5 3. Bb2 Nc6 4. e3 d5 5. Be2 e6 6. O-O Be7 7. d4 O-O 8. c4 b6 9. Ne5 Bb7 10. Nxc6 Bxc6 11. dxc5 Bxc5 12. Nd2 Qe7 13. a3 a5 14. Bf3 Rfd8 15. Qe2 Rac8 16. cxd5 Bxd5 17. Bxd5 Rxd5 18. e4 Rg5 19. Rac1 Rd8 20. Nc4 Nh5 21. Qf3 e5 22. h4 Rd3 23. Ne3 Rxg2+ 24. Qxg2 Nf4 25. Qh2 Ne2+ 26. Kh1 Nxc1 27. Rxc1 f6 28. Rd1 Rxb3 29. Qh3 h6 30. Qc8+ Kh7 31. Rd7 Qf8 32. Rd8 Qe7 33. h5 1-0

[Event "RUS-ch Girls U21 2021"]
[Site "Loo"]
[Date "2021.04.21"]
[Round "1.7"]
[White "Emelyanova, Victoria"]
[Black "Nosacheva, Mariya"]
[Result "0-1"]
[ECO "E73"]
[WhiteElo "1765"]
[BlackElo "2199"]
[Annotator "NA"]
[PlyCount "62"]
[EventDate "2021.04.21"]
[EventType "swiss"]
[EventCountry "RUS"]
[SourceTitle "playchess.com"]
[Source "ChessBase"]
[SourceQuality "1"]
[TimeControl "40/5400+30:1800+30"]

1. d4 Nf6 2. c4 g6 3. Nc3 Bg7 4. e4 d6 5. Be2 O-O 6. Bg5 h6 7. Be3 Na6 8. Qd2 Kh7 9. f3 c5 10. h4 cxd4 11. Bxd4 Be6 12. g4 Rc8 13. g5 Nh5 14. Bxg7 Kxg7 15. gxh6+ Kh7 16. f4 Ng3 17. Qd4 f6 18. Nh3 Rg8 19. Rh2 Nxe2 20. Kxe2 Rxc4 21. Qd2 b5 22. Nf2 b4 23. Nd5 Nc5 24. Kf3 Qa8 25. b3 Rxe4 26. Nc7 Qc6 27. Nxe4 Nxe4 28. Qe3 Nc5+ 29. Ke2 Qxc7 30. Rc1 Qb7 31. Rxc5 Bg4+ 0-1

[Event "RUS-ch Girls U21 2021"]
[Site "Loo"]
[Date "2021.04.21"]
[Round "1.8"]
[White "Zotova, Anastasia"]
[Black "Bogdanova, Darya"]
[Result "0-1"]
[ECO "B18"]
[WhiteElo "2160"]
[BlackElo "1762"]
[Annotator "NA"]
[PlyCount "58"]
[EventDate "2021.04.21"]
[EventType "swiss"]
[EventCountry "RUS"]
[SourceTitle "playchess.com"]
[Source "ChessBase"]
[SourceQuality "1"]
[TimeControl "40/5400+30:1800+30"]

1. e4 c6 2. d4 d5 3. Nc3 dxe4 4. Nxe4 Bf5 5. Ng3 Bg6 6. h4 h6 7. Nf3 e6 8. h5 Bh7 9. Bd3 Bxd3 10. Qxd3 Nf6 11. Bd2 c5 12. O-O-O Nc6 13. Bc3 Qd5 14. Qb5 O-O-O 15. dxc5 Qxa2 16. Rxd8+ Nxd8 17. Ne5 a6 18. Qb4 Nd5 19. Qd4 Be7 20. f4 Bf6 21. Re1 Nc6 22. Qd3 Nxe5 23. Rxe5 Nxc3 24. Qxc3 Bxe5 25. fxe5 Qa1+ 26. Kd2 Rd8+ 27. Ke3 Qc1+ 28. Kf3 Qd2 29. Qb3 Qd5+ 0-1

[Event "RUS-ch Girls U21 2021"]
[Site "Loo"]
[Date "2021.04.21"]
[Round "1.9"]
[White "Badmaeva, Baina"]
[Black "Garmash, Aliona"]
[Result "0-1"]
[ECO "B13"]
[WhiteElo "1751"]
[BlackElo "2120"]
[Annotator "NA"]
[PlyCount "74"]
[EventDate "2021.04.21"]
[EventType "swiss"]
[EventCountry "RUS"]
[SourceTitle "playchess.com"]
[Source "ChessBase"]
[SourceQuality "1"]
[TimeControl "40/5400+30:1800+30"]

1. e4 c6 2. d4 d5 3. exd5 cxd5 4. Bd3 Nc6 5. c3 Qc7 6. Nf3 Bg4 7. Be3 e6 8. O-O Nf6 9. Nbd2 Bd6 10. h3 Bh5 11. Rc1 O-O 12. c4 Bf4 13. c5 Bxe3 14. fxe3 e5 15. dxe5 Nxe5 16. Be2 Bg6 17. Nb3 Rfe8 18. Qd4 Nc4 19. Bxc4 Re4 20. Qc3 dxc4 21. Nbd2 Nd5 22. Nxe4 Nxc3 23. Nxc3 Qxc5 24. Nd4 h6 25. Rf4 Re8 26. Nd1 Qb4 27. Nf3 Re4 28. a3 Qd6 29. Rxe4 Bxe4 30. Kf2 Bxf3 31. Kxf3 Qd2 32. Rb1 b5 33. Nc3 Qc2 34. Rd1 Qxb2 35. Rd8+ Kh7 36. Ne4 c3 37. g4 c2 0-1

[Event "RUS-ch Girls U21 2021"]
[Site "Loo"]
[Date "2021.04.21"]
[Round "1.10"]
[White "Kochukova, Anna"]
[Black "Stroganova, Karina"]
[Result "1-0"]
[ECO "C61"]
[WhiteElo "2108"]
[BlackElo "1731"]
[Annotator "ChessBase"]
[PlyCount "71"]
[EventDate "2021.04.21"]
[EventType "swiss"]
[EventCountry "RUS"]
[SourceTitle "playchess.com"]
[Source "ChessBase"]
[SourceQuality "1"]
[TimeControl "40/5400+30:1800+30"]

1. e4 e5 2. Nf3 Nc6 3. Bb5 Nd4 4. Nxd4 exd4 5. O-O Bc5 6. d3 c6 7. Bc4 d5 8. exd5 cxd5 9. Re1+ Ne7 10. Bb3 O-O 11. Qf3 Be6 12. Bg5 Qd7 13. h3 h6 14. Bf4 Ng6 15. Nd2 Rac8 16. a4 a5 17. Re2 Rc6 18. Bg3 f5 19. Rxe6 Rxe6 20. Qxd5 Qxd5 21. Bxd5 Rfe8 22. Re1 Kf7 23. Rxe6 Rxe6 24. Bc7 Ne7 25. Bxe6+ Kxe6 26. Nb3 Ba7 27. Bxa5 Nd5 28. Bd2 g5 29. Na5 b5 30. Nc6 Bb6 31. axb5 Kd7 32. Ne5+ Ke6 33. Nc4 Bc7 34. Kf1 f4 35. Ke2 h5 36. Ba5 1-0

[Event "RUS-ch Girls U21 2021"]
[Site "Loo"]
[Date "2021.04.22"]
[Round "2.1"]
[White "Shafigullina, Zarina"]
[Black "Sakorenko, Adriana"]
[Result "1/2-1/2"]
[ECO "D11"]
[WhiteElo "2293"]
[BlackElo "2216"]
[Annotator "ChessBase"]
[PlyCount "90"]
[EventDate "2021.04.21"]
[EventType "swiss"]
[EventCountry "RUS"]
[SourceTitle "playchess.com"]
[Source "ChessBase"]
[SourceQuality "1"]
[TimeControl "40/5400+30:1800+30"]

1. d4 d5 2. c4 c6 3. Nf3 Nf6 4. g3 Bf5 5. Bg2 e6 6. O-O Be7 7. Nc3 h6 8. Nd2 O-O 9. e4 dxe4 10. Ndxe4 Nxe4 11. Nxe4 Nd7 12. Be3 Nf6 13. Nc3 Rc8 14. h3 Bd6 15. Qe2 Bg6 16. a3 Qe7 17. b4 a6 18. f4 Bb8 19. g4 b5 20. c5 Rfe8 21. Bd2 Qc7 22. Qf2 Re7 23. Rfe1 Rce8 24. a4 h5 25. Bf3 hxg4 26. hxg4 Bd3 27. axb5 axb5 28. Kg2 Nd5 29. Be4 Bxe4+ 30. Rxe4 Nxc3 31. Bxc3 f5 32. gxf5 exf5 33. Qa2+ Kf8 34. Re5 Rxe5 35. dxe5 Qf7 36. Qxf7+ Kxf7 37. Ra8 Ke6 38. Kf3 Rh8 39. Be1 g5 40. fxg5 Bxe5 41. Rxh8 Bxh8 42. Kg3 Kf7 43. Kf4 Kg6 44. Bd2 Bg7 45. Be1 Bd4 1/2-1/2

[Event "RUS-ch Girls U21 2021"]
[Site "Loo"]
[Date "2021.04.22"]
[Round "2.2"]
[White "Nosacheva, Mariya"]
[Black "Nasyrova, Ekaterina"]
[Result "1-0"]
[ECO "C65"]
[WhiteElo "2199"]
[BlackElo "2273"]
[Annotator "ChessBase"]
[PlyCount "61"]
[EventDate "2021.04.21"]
[EventType "swiss"]
[EventCountry "RUS"]
[SourceTitle "playchess.com"]
[Source "ChessBase"]
[SourceQuality "1"]
[TimeControl "40/5400+30:1800+30"]

1. e4 e5 2. Nf3 Nc6 3. Bb5 Nf6 4. d3 Bc5 5. Bxc6 dxc6 6. Nbd2 Qe7 7. Nc4 Nd7 8. Bd2 f6 9. Qe2 Nf8 10. c3 Ne6 11. O-O Bd7 12. b4 Bd6 13. a4 g5 14. d4 Nf4 15. Bxf4 gxf4 16. dxe5 fxe5 17. Nfxe5 O-O-O 18. Nxd6+ cxd6 19. Nxd7 Rxd7 20. b5 c5 21. Qf3 Qh4 22. Kh1 h5 23. Rad1 Qg4 24. Rd5 Rg8 25. h3 Qe6 26. Qxf4 Rdg7 27. Rxd6 Qc4 28. Rfd1 Qxc3 29. Qf5+ Kc7 30. Qe6 a6 31. b6+ 1-0

[Event "RUS-ch Girls U21 2021"]
[Site "Loo"]
[Date "2021.04.22"]
[Round "2.3"]
[White "Afonasieva, Anna"]
[Black "Kochukova, Anna"]
[Result "1-0"]
[ECO "D00"]
[WhiteElo "2270"]
[BlackElo "2108"]
[Annotator "ChessBase"]
[PlyCount "83"]
[EventDate "2021.04.21"]
[EventType "swiss"]
[EventCountry "RUS"]
[SourceTitle "playchess.com"]
[Source "ChessBase"]
[SourceQuality "1"]
[TimeControl "40/5400+30:1800+30"]

1. d4 d5 2. Bf4 Nf6 3. e3 c5 4. c3 Nc6 5. Nd2 e6 6. Bd3 Bd6 7. Bxd6 Qxd6 8. f4 cxd4 9. cxd4 O-O 10. a3 b6 11. g4 Ne7 12. h3 Bb7 13. Qb1 Rac8 14. Ngf3 g6 15. O-O Rc7 16. Ne5 Rfc8 17. h4 Ne4 18. Nxe4 dxe4 19. Bxe4 Bxe4 20. Qxe4 Rc2 21. Rf2 Rxf2 22. Kxf2 f6 23. Nf3 Nd5 24. Re1 f5 25. gxf5 exf5 26. Qd3 Nf6 27. Qb3+ Kg7 28. Ng5 Ne4+ 29. Nxe4 fxe4 30. Qb5 Kg8 31. Qe5 Qc6 32. d5 Qc4 33. h5 Qc2+ 34. Re2 Qc7 35. Qxe4 Qd8 36. Qe6+ Kf8 37. hxg6 hxg6 38. Kg3 Rc5 39. Rd2 Kg7 40. d6 Rh5 41. Rg2 Rh1 42. Kf3 1-0

[Event "RUS-ch Girls U21 2021"]
[Site "Loo"]
[Date "2021.04.22"]
[Round "2.4"]
[White "Garmash, Aliona"]
[Black "Goltseva, Ekaterina"]
[Result "1/2-1/2"]
[ECO "E15"]
[WhiteElo "2120"]
[BlackElo "2269"]
[Annotator "ChessBase"]
[PlyCount "87"]
[EventDate "2021.04.21"]
[EventType "swiss"]
[EventCountry "RUS"]
[SourceTitle "playchess.com"]
[Source "ChessBase"]
[SourceQuality "1"]
[TimeControl "40/5400+30:1800+30"]

1. d4 Nf6 2. c4 e6 3. Nf3 b6 4. g3 Ba6 5. Qc2 Bb7 6. Bg2 Bb4+ 7. Bd2 Bxd2+ 8. Qxd2 O-O 9. O-O d5 10. cxd5 exd5 11. Nc3 Nbd7 12. Rac1 c6 13. Rc2 Re8 14. Rfc1 a5 15. Qf4 Qe7 16. h4 Nf8 17. Qd2 Ne6 18. e3 a4 19. Ne5 Nd7 20. Nd3 Qd6 21. b4 axb3 22. axb3 Qe7 23. Na4 Rab8 24. Nb4 Nd8 25. Bh3 Nf6 26. Nxb6 Ne4 27. Qe1 Ba8 28. Nxa8 Rxb4 29. Nc7 Rf8 30. Na6 Rxb3 31. Nc5 Nxc5 32. Rxc5 Re8 33. Qd2 Qb7 34. R5c2 g6 35. Qa5 Rb5 36. Qa2 Re7 37. Bf1 Rb6 38. Qa4 Kg7 39. Qa3 Rc7 40. Bg2 Rd7 41. Bh3 Qa7 42. Qc5 Rb5 43. Qxa7 Rxa7 44. Bf1 1/2-1/2

[Event "RUS-ch Girls U21 2021"]
[Site "Loo"]
[Date "2021.04.22"]
[Round "2.5"]
[White "Bogdanova, Darya"]
[Black "Koroleva, Evgeniya"]
[Result "0-1"]
[ECO "D25"]
[WhiteElo "1762"]
[BlackElo "1884"]
[Annotator "NA"]
[PlyCount "90"]
[EventDate "2021.04.21"]
[EventType "swiss"]
[EventCountry "RUS"]
[SourceTitle "playchess.com"]
[Source "ChessBase"]
[SourceQuality "1"]
[TimeControl "40/5400+30:1800+30"]

1. d4 d5 2. c4 dxc4 3. Nf3 Nf6 4. e3 a6 5. Bxc4 e6 6. Qe2 c5 7. dxc5 Bxc5 8. O-O Qc7 9. e4 Ng4 10. e5 Nxf2 11. Nc3 Ne4+ 12. Kh1 Nxc3 13. bxc3 Be7 14. Nd4 Nc6 15. Bf4 Bd7 16. Rf3 Na5 17. Bd3 Qxc3 18. Nc2 Qc7 19. Rg3 g6 20. Rf1 Bc6 21. Bd2 Bd5 22. Qf2 O-O-O 23. Nb4 Nc6 24. Nxc6 Bxc6 25. Qxf7 Qd7 26. Bh6 Bd5 27. Qf4 Kb8 28. a4 Rc8 29. Rb1 Ka8 30. Be2 Rc7 31. Qf1 Rhc8 32. Be3 Bc5 33. Bxc5 Rxc5 34. Rg4 Qc7 35. Rd1 Rc1 36. Rgd4 Rxd1 37. Rxd1 Ka7 38. Qf4 Qc6 39. Bf3 Rd8 40. Rc1 Qb6 41. Be2 Qb2 42. Qe3+ Qb6 43. Qf4 Bc6 44. Qc4 Qf2 45. Qg4 h5 0-1

[Event "RUS-ch Girls U21 2021"]
[Site "Loo"]
[Date "2021.04.22"]
[Round "2.6"]
[White "Grigorieva, Yulia"]
[Black "Zotova, Anastasia"]
[Result "0-1"]
[ECO "B52"]
[WhiteElo "2236"]
[BlackElo "2160"]
[Annotator "ChessBase"]
[PlyCount "122"]
[EventDate "2021.04.21"]
[EventType "swiss"]
[EventCountry "RUS"]
[SourceTitle "playchess.com"]
[Source "ChessBase"]
[SourceQuality "1"]
[TimeControl "40/5400+30:1800+30"]

1. e4 c5 2. Nf3 d6 3. Bb5+ Bd7 4. Bxd7+ Qxd7 5. c4 Nc6 6. d4 Qg4 7. d5 Qxe4+ 8. Be3 Nd4 9. Nxd4 cxd4 10. Qxd4 Qxg2 11. Rf1 Nf6 12. Nc3 Qg4 13. f4 a6 14. Rg1 Qd7 15. O-O-O g6 16. Qd3 Rc8 17. Bd4 Bg7 18. f5 Bh6+ 19. Kc2 Qxf5 20. Qxf5 gxf5 21. Bxf6 exf6 22. Kb3 Kd7 23. Rdf1 f4 24. Ne4 f5 25. Ng5 Ke7 26. h4 b5 27. cxb5 axb5 28. Rxf4 f6 29. Re1+ Kd7 30. Rxf5 fxg5 31. Rf7+ Kd8 32. Ree7 Bf8 33. Rd7+ Ke8 34. hxg5 Rg8 35. Rxh7 Rxg5 36. Rb7 Rxd5 37. Kb4 Rd1 38. Kxb5 d5 39. Rbf7 Rd8 40. Rf5 Re1 41. Rhh5 d4 42. Rd5 Rxd5+ 43. Rxd5 Bg7 44. a4 Ke7 45. a5 Ke6 46. Rd8 Re5+ 47. Kb6 Rd5 48. Re8+ Kd7 49. Re1 d3 50. a6 d2 51. Rd1 Bxb2 52. Kb7 Rb5+ 53. Ka8 Rd5 54. Kb7 Rb5+ 55. Ka8 Bc3 56. a7 Rb2 57. Rxd2+ Rxd2 58. Kb7 Rb2+ 59. Ka8 Bb4 60. Kb8 Bc5+ 61. Ka8 Bxa7 0-1

[Event "RUS-ch Girls U21 2021"]
[Site "Loo"]
[Date "2021.04.22"]
[Round "2.7"]
[White "Gelman, Inna"]
[Black "Shvedova, Alexandra"]
[Result "0-1"]
[ECO "A00"]
[WhiteElo "1801"]
[BlackElo "2000"]
[Annotator "NA"]
[PlyCount "74"]
[EventDate "2021.04.21"]
[EventType "swiss"]
[EventCountry "RUS"]
[SourceTitle "playchess.com"]
[Source "ChessBase"]
[SourceQuality "1"]
[TimeControl "40/5400+30:1800+30"]

1. g4 d5 2. Bg2 c6 3. g5 e5 4. d3 Bd6 5. e4 d4 6. c3 dxc3 7. bxc3 Be6 8. Ne2 h6 9. h4 Na6 10. f4 exf4 11. Nxf4 Qc7 12. Qf3 hxg5 13. Nxe6 fxe6 14. Bxg5 Ne7 15. Rf1 O-O-O 16. Qg4 Kb8 17. Nd2 Qa5 18. Ke2 Qxc3 19. Rfc1 Qd4 20. Be3 Qa4 21. Nc4 Bc5 22. Qxe6 Bxe3 23. Kxe3 Rhe8 24. Qe5+ Ka8 25. Qa5 Qxa5 26. Nxa5 Nf5+ 27. Ke2 Nxh4 28. Bf1 Nb4 29. Rc3 Ng6 30. a3 Nd5 31. Rb3 Nb6 32. Rc1 Ne5 33. Bg2 g5 34. Rf1 Ng6 35. Ke3 Nf4 36. Rg1 Rd5 37. Nc4 Rxd3+ 0-1

[Event "RUS-ch Girls U21 2021"]
[Site "Loo"]
[Date "2021.04.22"]
[Round "2.8"]
[White "Serditykh, Olesya"]
[Black "Emelyanova, Victoria"]
[Result "1-0"]
[ECO "D52"]
[WhiteElo "1961"]
[BlackElo "1765"]
[Annotator "ChessBase"]
[PlyCount "123"]
[EventDate "2021.04.21"]
[EventType "swiss"]
[EventCountry "RUS"]
[SourceTitle "playchess.com"]
[Source "ChessBase"]
[SourceQuality "1"]
[TimeControl "40/5400+30:1800+30"]

1. d4 d5 2. Nf3 Nf6 3. c4 c6 4. Nc3 e6 5. Bg5 Nbd7 6. e3 Qa5 7. Nd2 Bb4 8. Qc2 O-O 9. Bxf6 Nxf6 10. Bd3 Re8 11. O-O e5 12. Nb3 Qc7 13. cxd5 Bxc3 14. Qxc3 Nxd5 15. Qd2 e4 16. Bc4 Nf6 17. h3 Be6 18. Rfc1 Rad8 19. Bxe6 Rxe6 20. Nc5 Re7 21. b4 Rd5 22. Qc2 Qd6 23. Rab1 Rg5 24. a4 Qd5 25. Qe2 Qf5 26. Kh2 Rh5 27. b5 g5 28. bxc6 bxc6 29. Nb7 g4 30. Rc5 Nd5 31. Nd6 Qg5 32. Rb8+ Kg7 33. Ne8+ Kh6 34. Rxc6+ f6 35. Qa6 gxh3 36. g3 Qf5 37. Rxf6+ Nxf6 38. Qxf6+ Qxf6 39. Nxf6 Rg5 40. Ng8+ Rxg8 41. Rxg8 Rf7 42. Kxh3 Rxf2 43. Re8 Ra2 44. Rxe4 Rxa4 45. Kg4 a5 46. Kf5 Ra1 47. d5 a4 48. Re6+ Kg7 49. Ra6 a3 50. Ra7+ Kf8 51. e4 a2 52. Ke5 Rg1 53. Rxa2 Rxg3 54. Ra7 h5 55. Rh7 Rh3 56. d6 Kg8 57. Re7 Kf8 58. Ke6 Re3 59. e5 h4 60. Rh7 h3 61. d7 Rd3 62. Rh8+ 1-0

[Event "RUS-ch Girls U21 2021"]
[Site "Loo"]
[Date "2021.04.22"]
[Round "2.9"]
[White "Stroganova, Karina"]
[Black "Filippova, Darya"]
[Result "0-1"]
[ECO "A48"]
[WhiteElo "1731"]
[BlackElo "1915"]
[Annotator "NA"]
[PlyCount "80"]
[EventDate "2021.04.21"]
[EventType "swiss"]
[EventCountry "RUS"]
[SourceTitle "playchess.com"]
[Source "ChessBase"]
[SourceQuality "1"]
[TimeControl "40/5400+30:1800+30"]

1. d4 Nf6 2. Nf3 g6 3. c4 Bg7 4. g3 b6 5. Bg2 Bb7 6. O-O O-O 7. Nc3 d6 8. Re1 Ne4 9. Qc2 Nxc3 10. bxc3 c5 11. e4 Nc6 12. Be3 Rc8 13. Rab1 Ba6 14. Bf1 Na5 15. Nd2 cxd4 16. cxd4 Qd7 17. Rec1 Rc7 18. Qd1 Rfc8 19. c5 Bxf1 20. Qxf1 dxc5 21. dxc5 bxc5 22. Qa6 Nb7 23. Qxa7 Nd6 24. Qa5 c4 25. Bb6 Rc6 26. Qa4 Qe6 27. Rb4 h5 28. Qc2 h4 29. a4 Bh6 30. Re1 Bxd2 31. Qxd2 c3 32. Qh6 Nf5 33. exf5 Qxe1+ 34. Kg2 h3+ 35. Qxh3 c2 36. Rh4 Qe5 37. Bd4 Qd5+ 38. f3 Qxd4 39. Rxd4 c1=Q 40. f4 Qb2+ 0-1

[Event "RUS-ch Girls U21 2021"]
[Site "Loo"]
[Date "2021.04.22"]
[Round "2.10"]
[White "Pankova, Julia"]
[Black "Badmaeva, Baina"]
[Result "1/2-1/2"]
[ECO "B56"]
[WhiteElo "1884"]
[BlackElo "1751"]
[Annotator "NA"]
[PlyCount "103"]
[EventDate "2021.04.21"]
[EventType "swiss"]
[EventCountry "RUS"]
[SourceTitle "playchess.com"]
[Source "ChessBase"]
[SourceQuality "1"]
[TimeControl "40/5400+30:1800+30"]

1. e4 c5 2. Nf3 d6 3. d4 cxd4 4. Nxd4 Nf6 5. Nc3 Nc6 6. Be3 g6 7. Bc4 Bg7 8. f3 O-O 9. Bb3 Qc7 10. h4 h5 11. Nxc6 bxc6 12. Qd2 Rd8 13. O-O-O Rb8 14. Bh6 Bh8 15. Qg5 d5 16. g4 Be6 17. Ne2 Kh7 18. Qe3 Qa5 19. Bf4 Rxb3 20. cxb3 Qxa2 21. e5 Rb8 22. Nd4 c5 23. Nxe6 Rxb3 24. Ng5+ Kg8 25. Qxb3 Qxb3 26. Bd2 Nd7 27. f4 f6 28. gxh5 fxg5 29. hxg5 gxh5 30. g6 Nxe5 31. fxe5 Bxe5 32. Bc3 d4 33. Rxh5 Bf4+ 34. Bd2 Qc4+ 35. Kb1 Qd3+ 36. Kc1 Bxd2+ 37. Rxd2 Qxg6 38. Rxc5 Qg1+ 39. Rd1 Qe3+ 40. Kb1 e5 41. Rc8+ Kf7 42. Rc7+ Ke6 43. Rxa7 Kd5 44. Ra3 Qe2 45. Rad3 Kc4 46. R3d2 Qe3 47. Kc2 e4 48. Rxd4+ Qxd4 49. Rxd4+ Kxd4 50. Kd2 e3+ 51. Ke2 Kc4 52. Kxe3 1/2-1/2

[Event "RUS-ch Girls U21 2021"]
[Site "Loo"]
[Date "2021.04.23"]
[Round "3.1"]
[White "Nosacheva, Mariya"]
[Black "Afonasieva, Anna"]
[Result "1/2-1/2"]
[ECO "C54"]
[WhiteElo "2199"]
[BlackElo "2270"]
[Annotator "NA"]
[PlyCount "80"]
[EventDate "2021.04.21"]
[EventType "swiss"]
[EventCountry "RUS"]
[SourceTitle "playchess.com"]
[Source "ChessBase"]
[SourceQuality "1"]
[TimeControl "40/5400+30:1800+30"]

1. e4 e5 2. Nf3 Nc6 3. Bc4 Bc5 4. c3 Nf6 5. d4 exd4 6. cxd4 Bb4+ 7. Bd2 Bxd2+ 8. Nbxd2 d5 9. exd5 Nxd5 10. Qb3 Be6 11. Qxb7 Ndb4 12. Qb5 Rb8 13. Qa4 Bxc4 14. Nxc4 O-O 15. O-O Nxd4 16. Nce5 Nxf3+ 17. Nxf3 Qf6 18. Qxa7 Qxb2 19. Qxc7 Nxa2 20. h3 Rbc8 21. Qe5 Nc3 22. Ra7 Rce8 23. Re7 Ne2+ 24. Kh1 Qxe5 25. Rxe5 Rxe5 26. Nxe5 Re8 27. Nf3 Nf4 28. Re1 Rxe1+ 29. Nxe1 f5 30. h4 h6 31. g3 Ne6 32. Kg2 g5 33. hxg5 hxg5 34. Nd3 Kg7 35. f3 Kf6 36. Kf2 Nd4 37. Ke3 Nc2+ 38. Kd2 Nd4 39. Ke3 Nc2+ 40. Kd2 Nd4 1/2-1/2